 Dungeon Crawl Stone Soup version 0.21-a0-39-g28ea6b7 (webtiles) character file.

120 tilp the Chiller (level 5, -2/35 HPs)
             Began as a Merfolk Ice Elementalist on June 2, 2017.
             Shot with an arrow by a centaur (11 damage)
             ... on level 2 of the Dungeon.
             The game lasted 00:08:39 (3009 turns).

tilp the Chiller (Merfolk Ice Elementalist)         Turns: 3009, Time: 00:08:40

Health: -2/35      AC:  2    Str:  8    XL:     5   Next: 4%
Magic:  5/9        EV: 13    Int: 15    God:
Gold:   69         SH:  0    Dex: 15    Spells: 4/10 levels left

rFire    . . .     SeeInvis .   e - +0 dagger (venom)
rCold    . . .     Gourm    .   (no shield)
rNeg     . . .     Faith    .   a - +0 robe
rPois    .         Spirit   .   (no helmet)
rElec    .         Reflect  .   (no cloak)
rCorr    .         Harm     .   (no gloves)
MR       .....                  (no boots)
Stlth    ++........             (no amulet)
Regen    0.2/turn               (no ring)
MPRegen  0.2/turn               (no ring)

@: very slightly contaminated
A: change form in water, swift swim, stealthy swim
a: no special abilities


You were on level 2 of the Dungeon.
You were not hungry.

You visited 1 branch of the dungeon, and saw 3 of its levels.

You collected 69 gold pieces.

Inventory:

Hand Weapons
 d - a +0 short sword
 e - a +0 dagger of venom (weapon)
 n - a +0 halberd
Armour
 a - a +0 robe (worn)
 h - a cursed +0 ring mail
Jewellery
 l - an uncursed ring of protection from fire {unknown}
Scrolls
 k - 4 scrolls of identify {unknown}
Potions
 f - a potion of flight {unknown}
 g - a potion of curing {unknown}
 i - a potion of mutation {unknown}
Books
 b - a book of Frost

   Spells                             Type                      Level
   a - Freeze                         Ice                          1
   b - Throw Frost                    Conjuration/Ice              2
   c - Ozocubu's Armour               Charms/Ice                   3
   d - Throw Icicle                   Conjuration/Ice              4
   e - Summon Ice Beast               Ice/Summoning                4


   Skills:
 * Level 2.7 Short Blades
 - Level 3.1 Dodging
 - Level 2.1 Stealth
 - Level 3.0 Spellcasting
 - Level 0.7 Conjurations
 + Level 4.3 Ice Magic


You had 4 spell levels left.
You knew the following spells:

 Your Spells              Type           Power        Failure   Level  Hunger
a - Freeze                Ice            ###.         3%          1    #......
b - Throw Frost           Conj/Ice       #.....       11%         2    ##.....
c - Ozocubu's Armour      Chrm/Ice       #.......     24%         3    ###....


Dungeon Overview and Level Annotations

Branches:
Dungeon (3/15)

Altars:
Elyvilon
Qazlal
The Shining One

Annotations:
D:3 tilp's ghost, amateur MfIE


Message History

Aim: a centaur, wielding a shortbow The puff of frost hits the centaur.
The centaur is lightly wounded.
The centaur shoots an arrow.
The arrow barely misses you.
The centaur shoots an arrow.
The arrow hits you.
You see here an arrow.
You hit the worm.
The worm is lightly wounded.
The centaur shoots an arrow.
The arrow misses you. The worm barely misses you.
The centaur shoots an arrow.
The arrow hits you!
You see here an arrow.
As you read the scroll labeled HIUSKU MAEDU, it crumbles to dust.
You feel momentarily disoriented.
It was a scroll of magic mapping.
The centaur shoots an arrow.
The arrow hits you.
* * * LOW HITPOINT WARNING * * *
As you read the scroll labeled AFEKKE QEXZYD, it crumbles to dust.
You hear the chiming of a distant gong.
It was a scroll of random uselessness.
The centaur shoots an arrow.
The arrow hits you!
You die...

###...........>..................
#....###.#.#...#.##...####.....
#.....##.#.#<#.#.#........#<...
#.....##.#.#.#............##..#
#.....##.......)..............#
#.....#......#...(...[....#....
###...#...................#....
#...#.....c.............)....
#...#.....w.@...........#....
###.....(..###...........#....
#........................#....
##...........c..........######.
###..............#...#....## ##
..............#............## #
...........####.............### #
...........####...............###
#........####........#........#..


You could see a centaur and a worm.

Vanquished Creatures
  3 gnolls (D:2)
  2 adders (D:2)
  An ooze (D:3)
  3 dart slugs
  2 leopard geckos
  4 giant cockroaches
  6 goblins
  7 hobgoblins
  6 jackals (D:1)
  6 kobolds
  2 quokkas
  6 bats
  4 frilled lizards
  10 rats
62 creatures vanquished.

Notes
Turn   | Place    | Note
-------+----------+-------------------------------------------
     0 | D:1      | tilp the Merfolk Ice Elementalist began the quest for the Orb.
     0 | D:1      | Reached XP level 1. HP: 13/13 MP: 3/3
   102 | D:1      | Reached XP level 2. HP: 14/19 MP: 5/5
   780 | D:1      | Reached XP level 3. HP: 24/24 MP: 6/6
   881 | D:1      | Reached skill level 1 in Short Blades
  1443 | D:2      | Learned a level 2 spell: Throw Frost
  1473 | D:2      | Found a white marble altar of Elyvilon.
  1547 | D:2      | Found a stormy altar of Qazlal.
  1619 | D:2      | Reached skill level 4 in Ice Magic
  1709 | D:2      | Reached XP level 4. HP: 16/30 MP: 8/8
  1727 | D:2      | Found a glowing golden altar of the Shining One.
  2285 | D:2      | Learned a level 3 spell: Ozocubu's Armour
  2642 | D:3      | Noticed tilp's ghost (amateur MfIE)
  2723 | D:2      | Reached XP level 5. HP: 21/35 MP: 7/9
  2739 | D:2      | Noticed a centaur
  3009 | D:2      | Shot with an arrow by a centaur

Vault maps used:
D:1:      tarquinn_simple_flora_water_a
D:2:      minmay_wonky_spiral, lemuel_round_altar, tso_oasis_becter,
          elyvilon_altar_1
D:3:      chequers_ecumenical_altar_island

Skill      XL: |  1  2  3  4 |
---------------+-------------+-----
Dodging        | 3 |  3.1
Short Blades   | 1 2 |  2.7
Ice Magic      | 4 |  4.3
Spellcasting   | 3 |  3.0
Stealth        | |  2.1
Conjurations   | |  0.7

Action                   |  1- 3 |  4- 6 || total
-------------------------+-------+-------++-------
Melee: Dagger            |   125 |    64 ||   189
 Cast: Freeze            |     4 |     6 ||    10
       Throw Frost       |     1 |     5 ||     6
  Use: Scroll            |       |     2 ||     2
 Stab: Sleeping          |     5 |     1 ||     6
  Eat: Chunk             |     3 |     2 ||     5
       Bread ration      |       |     1 ||     1
Armor: Robe              |    36 |     7 ||    43
Dodge: Dodged            |    90 |    51 ||   141
